 Dungeon Crawl Stone Soup version 0.31.0-9-g3a7656b989 (webtiles) character file.

Game seed: 5841671262964839391

116130 Arcadio the Brawler (level 15, 0/161 HPs)
             Began as a Troll Gladiator on Jan 24, 2024.
             Was a High Priest of Qazlal.
             Succumbed to a +1 glaive of venom's poison
             ... on level 1 of the Elven Halls.
             The game lasted 01:00:20 (20177 turns).

Arcadio the Brawler (Troll Gladiator)              Turns: 20177, Time: 01:00:21

Health: 0/161      AC: 13    Str: 44    XL:     15   Next: 96%
Magic:  11/19      EV: 14    Int:  4    God:    Qazlal [*****.]
Gold:   1869       SH:  6    Dex: 11    Spells: 14/14 levels left

rFire   . .          .
                       - Unarmed
rCold   . . .        (no shield)
rNeg    . . .        O - +2 troll leather armour
rPois   .            b - +0 hat
rElec   .            g - +2 cloak
rCorr   .            (gloves unavailable)
SInv    .            (boots unavailable)
Will    +....        o - amulet of the acrobat
Stlth   +            T - +6 ring of strength
HPRegen 2.06/turn    f - +6 ring of strength
MPRegen 0.16/turn

%: repel missiles, acrobat
@: lethally poisoned (0 -> -16), protected from physical damage, studying
Dodging
A: large, unfitting armour, claws 3, regeneration 1, shaggy fur 1, tough skin 1,
low MP 1
a: Renounce Religion, Upheaval, Elemental Force, Disaster Area


You were on level 1 of the Elven Halls.
You worshipped Qazlal.
Qazlal was extremely pleased with you.
You visited 6 branches of the dungeon, and saw 25 of its levels.
You also visited: Ossuary.

You collected 2937 gold pieces.
You spent 1068 gold pieces at shops.

Inventory:

Hand Weapons
 X - a +1 morningstar of holy wrath
Missiles
 c - 4 throwing nets (quivered)
 h - 14 large rocks
Armour
 b - a +0 hat (worn)
 g - a +2 cloak (worn)
 k - a +2 robe of willpower
 O - a +2 troll leather armour (worn)
Jewellery
 f - a +6 ring of strength (right claw)
 o - an amulet of the acrobat (around neck)
 t - a ring of flight
 y - a ring of positive energy
 D - a ring of ice
 H - a ring of positive energy
 K - an amulet of reflection
 N - a ring of protection from cold
 Q - a ring of protection from fire
 T - a +6 ring of strength (left claw)
 Z - a ring of fire
Wands
 a - a wand of quicksilver (3)
 d - a wand of mindburst (8)
 m - a wand of flame (49)
 n - a wand of paralysis (7)
 M - a wand of polymorph (6)
 V - a wand of roots (10)
 Y - a wand of digging (4)
Scrolls
 l - 3 scrolls of torment
 p - 2 scrolls of silence
 q - 6 scrolls of fear
 r - a scroll of identify
 u - 11 scrolls of teleportation
 A - 3 scrolls of fog
 C - a scroll of poison
 F - a scroll of immolation {unknown}
 J - a scroll of brand weapon
 L - a scroll of enchant weapon
 P - 8 scrolls of vulnerability
Potions
 e - 4 potions of might
 i - 6 potions of haste
 j - 2 potions of resistance {unknown}
 v - 5 potions of mutation
 w - 9 potions of enlightenment
 x - 3 potions of ambrosia
 z - a potion of lignification {unknown}
 B - 2 potions of magic
 E - 3 potions of attraction
 R - a potion of berserk rage {unknown}
 S - a potion of cancellation
 U - 2 potions of brilliance {unknown}


   Skills:
 + Level 13.6 Fighting
 - Level 1.7 Throwing
 - Level 4.2 Armour
 + Level 14.3 Dodging
 + Level 16.0 Unarmed Combat
 + Level 9.8 Invocations


You had 14 spell levels left.
You didn't know any spells.
Your spell library contained the following spells:

 Spells                   Type           Power      Damage    Failure   Level
 Magic Dart               Conj           0%         1d3       52%         1
 Sting                    Conj/Alch      0%         1d3       52%         1
 Mercury Vapours          Alch/Air       0%         N/A       67%         2
 Scorch                   Fire           0%         2d5       67%         2
 Searing Ray              Conj           0%         2d4       67%         2
 Animate Armour           Summ/Erth      0%         N/A       99%         4
 Flame Wave               Conj/Fire      0%         2d4       99%         4
 Fulminant Prism          Conj/Alch      0%         3d5       99%         4
 Olgreb's Toxic Radiance  Alch           0%         N/A       99%         4
 Summon Lightning Spire   Summ/Air       0%         N/A       99%         4
 Lee's Rapid Deconstruct  Erth           0%         3d4*      100%        5
 Summon Forest            Summ/Tloc      0%         N/A       100%        5
 Eringya's Noxious Bog    Alch           0%         4d6       100%        6
 Summon Cactus Giant      Summ           0%         N/A       100%        6
 Summon Hydra             Summ           0%         N/A       100%        7


Dungeon Overview and Level Annotations

Branches:
Dungeon (15/15)            Temple (1/1) D:5            Lair (5/5) D:8
 Shoals (0/4) Lair:2       Spider (1/4) Lair:2        Slime (0/5) Lair:4
    Orc (2/2) D:10            Elf (1/3) Orc:2        Vaults (0/5) D:14
Ossuary (visited)
 Depths: D:15

Altars:
Ashenzari
Cheibriados
Dithmenos
Elyvilon
Fedhas
Gozag
Hepliaklqana
Kikubaaqudgha
Makhleb
Nemelex Xobeh
Okawaru
Qazlal
Ru
Sif Muna
Trog
Uskayaw
Vehumet
Wu Jian
Xom
Yredelemnul
Zin
The Shining One
Jiyva

Shops:
D:1 *   D:8 =   Orc:2 (:!=

Portals:
Trove: D:14 (give +3 fire dragon scales)

Annotations:
D:11 2 transporters, raph's ghost, journeyman DrSh


Innate Abilities, Weirdness & Mutations

You are too large for most types of armour.
You have claws for hands.
Your natural rate of healing is unusually fast.
You are covered in fur. (AC +1)
You have tough skin. (AC +1)
Your magical capacity is low. (-10% MP)


Message History

The +1 glaive of venom hits you!
* * * LOW HITPOINT WARNING * * *
You are lethally poisoned!
You feel better.
You block the +1 glaive of venom's attack.
You miss the +1 glaive of venom.
The +1 glaive of venom is severely damaged.
The +1 glaive of venom hits you!!
* * * LOW HITPOINT WARNING * * *
You feel more protected from physical attacks.
You are lethally poisoned!
You feel much better.
You feel extremely sick. The +1 glaive of venom hits you!
* * * LOW HITPOINT WARNING * * *
You feel more protected from physical attacks.
You are lethally poisoned!
Okay, then.
Activating: Disaster Area (8% risk of failure)
Press: ? - help, Dir - look around, f - activate Nature churns violently around you!
The blast of magma engulfs the deep elf archer!!
The deep elf archer is heavily wounded.
The blast of magma engulfs the +1 glaive of venom!!
The +1 glaive of venom partially resists.
The +1 glaive of venom falls from the air.
Qazlal accepts your kill.
* * * LOW HITPOINT WARNING * * *
You feel extremely sick.
The deep elf archer points at you and mumbles some strange words.
You feel yourself slow down.
Okay, then.
Okay, then.
Okay, then.
Okay, then.
Okay, then.
Your magical effects are unravelling.
You feel magically purged.
You feel yourself speed up.
You die...

###################
..................#
..................#
#####)##########.≈#
....)).(.......#)e#
...............#@.#
.........).....#.°#
############e..#.°#
#...#..# #...#≈≈#
#...#≈.# #...#..#
#...#..# #e..#..#


You could see a deep elf archer (repels missiles).

Vanquished Creatures
  Frances (Elf:1)
  Josephine (D:13)
  8 vault guards (D:14)
  2 hydras
  3 ogre magi
  3 catoblepae (Lair:5)
  5 boulder beetles
  A death knight (D:10)
  5 centaur warriors
  10 two-headed ogres
  2 dancing weapons (Elf:1)
  A tengu warrior (D:15)
  2 orc high priests (Orc:2)
  7 death yaks (Lair:5)
  A deep elf knight (Elf:1)
  5 skysharks
  Lodul (D:13)
  4 skeletal warriors
  A pharaoh ant (Spider:1)
  A deep troll (D:11)
  Pikel (D:4)
  A steelbarb worm (Spider:1)
  A lindwurm (Lair:5)
  2 orc knights
  5 deep elf pyromancers
  2 deep elf zephyrmancers (Elf:1)
  6 manticores
  A shining eye (D:12)
  7 cyclopes
  Maurice (D:8)
  5 orc sorcerers
  5 ugly things
  5 kobold blastminers
  5 elephants
  3 slime creatures (D:14)
  13 cane toads
  Maggie (Lair:1)
  6 black mambas
  6 orange demons (D:13)
  A rime drake (Lair:4)
  An unseen horror (D:12)
  4 komodo dragons
  2 efreet
  A tengu conjurer (D:14)
  5 freezing wraiths
  4 kobold demonologists
  2 red devils (D:13)
  A polar bear (shapeshifter) (D:14)
  10 trolls
  6 blink frogs (Lair:2)
  2 tarantellas (Spider:1)
  11 dream sheep
  2 jumping spiders (Lair:2)
  3 centaur simulacra (D:15)
  71 yaks
  7 wraiths
  6 wyverns
  2 culicivoras (Spider:1)
  5 basilisks
  A vampire (D:12)
  2 wargs (Orc:2)
  A steam dragon (D:7)
  14 vampire mosquitoes
  Edmund (D:4)
  8 redbacks
  2 acid dragons
  18 water moccasins
  3 black bears
  17 orc warriors
  3 ice beasts
  2 laughing skulls (D:14)
  13 ogres
  4 wolves (Lair:4)
  12 centaurs
  A lemure (D:4)
  2 kobold brigands
  11 bullfrogs
  2 scorpions
  10 howler monkeys
  3 bombardier beetles
  4 jellies
  29 orc priests
  A gnoll bouda (D:4)
  4 hounds
  A sleepcap (D:4)
  2 iguanas (D:5)
  40 orc wizards
  8 mummies (Ossuary)
  Robin (D:2)
  10 gnolls
  5 adders
  A shadow imp (D:8)
  2 ufetubi (D:6)
  2 dart slugs
  3 ribbon worms
  54 orcs
  11 ball pythons
  6 endoplasms
  4 giant cockroaches
  A gnoll zombie (Ossuary)
  17 goblins
  11 hobgoblins
  11 jackals
  11 kobolds
  3 quokkas
  4 bats
  3 frilled lizards
  5 hobgoblin zombies (Ossuary)
  A kobold zombie (Ossuary)
  An orc zombie (Ossuary)
  4 rats
  A butterfly (Lair:5)
677 creatures vanquished.

Vanquished Creatures (collateral kills)
  4 hydras
  A rime drake (Lair:3)
  A cane toad (Lair:2)
  4 dream sheep (Lair:5)
  A water elemental (Elf:1)
11 creatures vanquished.

Vanquished Creatures (others)
  A dancing weapon (Elf:1)
  An orc warrior (Orc:2)
  An orc priest (Orc:1)
  An orc wizard (Orc:2)
  3 orcs
7 creatures vanquished.

Grand Total: 695 creatures vanquished

Notes
Turn   | Place    | Note
-------+----------+-------------------------------------------
     0 | D:1      | Arcadio the Troll Gladiator began the quest for the Orb.
     0 | D:1      | Reached XP level 1. HP: 19/19 MP: 0/0
    59 | D:1      | Found Ymojilel's Assorted Antiques.
   142 | D:1      | Reached XP level 2. HP: 25/28 MP: 1/1
   666 | D:2      | Reached XP level 3. HP: 35/35 MP: 2/2
   939 | D:2      | Reached XP level 4. HP: 44/44 MP: 3/3
  1156 | D:2      | Noticed Robin
  1177 | D:2      | Killed Robin
  1392 | D:2      | Reached skill level 4 in Unarmed Combat
  1955 | D:3      | Reached XP level 5. HP: 52/52 MP: 4/4
  2275 | D:4      | Found a blossoming altar of Fedhas.
  2326 | D:4      | Noticed Edmund
  2356 | D:4      | Killed Edmund
  2357 | D:4      | Reached XP level 6. HP: 9/61 MP: 5/5
  2786 | D:4      | Reached skill level 5 in Unarmed Combat
  3069 | D:4      | Found a broken altar of Ashenzari.
  3069 | D:4      | Found a hazy altar of Hepliaklqana.
  3069 | D:4      | Found an ornate altar of the Wu Jian Council.
  3069 | D:4      | Found a sacrificial altar of Ru.
  3088 | D:4      | Noticed Pikel
  3114 | D:4      | Killed Pikel
  3115 | D:4      | Reached XP level 7. HP: 32/71 MP: 6/6
  3290 | D:5      | Entered Level 5 of the Dungeon
  3437 | D:5      | Reached skill level 6 in Unarmed Combat
  3445 | D:5      | Reached skill level 5 in Dodging
  3472 | D:5      | Reached XP level 8. HP: 67/79 MP: 7/7
  3596 | D:5      | Found a staircase to the Ecumenical Temple.
  3614 | Temple   | Entered the Ecumenical Temple
  3626 | Temple   | Became a worshipper of Qazlal Stormbringer
  3673 | D:5      | Reached skill level 5 in Fighting
  3705 | D:5      | Found a snail-covered altar of Cheibriados.
  4213 | D:6      | Found a burning altar of Makhleb.
  4260 | D:6      | Noticed a two-headed ogre
  4413 | D:6      | Reached skill level 7 in Unarmed Combat
  4462 | D:6      | Found a sand-covered staircase.
  4471 | Ossuary  | Entered an ossuary
  4534 | Ossuary  | Reached * piety under Qazlal
  4917 | D:7      | Reached XP level 9. HP: 85/89 MP: 8/8
  5479 | D:7      | Reached skill level 8 in Unarmed Combat
  5607 | D:8      | Noticed Maurice
  5621 | D:8      | Maurice stole an amulet of reflection
  5623 | D:8      | Paralysed by something for 5 turns
  5624 | D:8      | Something stole 4 throwing nets
  5625 | D:8      | Something stole 469 gold
  5634 | D:8      | Killed Maurice
  5741 | D:8      | Found a staircase to the Lair.
  5741 | D:8      | Noticed an elephant
  5761 | D:8      | Killed an elephant
  5764 | D:8      | Reached ** piety under Qazlal
  5974 | D:8      | Found Wiovoik's Jewellery Shoppe.
  6416 | D:9      | Reached XP level 10. HP: 101/102 MP: 9/9
  6431 | D:9      | Reached skill level 9 in Unarmed Combat
  7121 | D:10     | Entered Level 10 of the Dungeon
  7196 | D:11     | Noticed a cyclops
  7197 | D:11     | Reached *** piety under Qazlal
  7202 | D:11     | Reached skill level 10 in Unarmed Combat
  7208 | D:11     | Killed a cyclops
  7224 | D:11     | Noticed a skeletal warrior
  7226 | D:11     | Noticed a two-headed ogre
  7226 | D:11     | Noticed a two-headed ogre
  7227 | D:11     | Noticed raph's ghost (journeyman DrSh)
  7229 | D:11     | Noticed a meliai
  7256 | D:11     | Found a transporter.
  7258 | D:11     | Found a transporter.
  7388 | D:11     | Reached XP level 11. HP: 102/113 MP: 10/10
  7501 | D:13     | Noticed a centaur warrior
  7507 | D:13     | Noticed a white ugly thing
  7564 | D:12     | Killed a white ugly thing
  7584 | D:13     | Killed a centaur warrior
  7744 | D:13     | Noticed Josephine
  7760 | D:13     | Killed Josephine
  7781 | D:13     | Reached skill level 11 in Unarmed Combat
  7853 | D:15     | Entered Level 15 of the Dungeon
  7853 | D:15     | Noticed a tengu warrior
  7853 | D:15     | Noticed an ogre mage
  7853 | D:15     | Noticed a two-headed ogre
  7853 | D:15     | Noticed a two-headed ogre
  7853 | D:15     | Noticed a two-headed ogre
  7853 | D:15     | Noticed a two-headed ogre
  7853 | D:15     | Noticed a two-headed ogre
  7853 | D:15     | Noticed a two-headed ogre
  7854 | D:15     | Noticed a boulder beetle
  7944 | D:13     | Noticed a centaur warrior
  7950 | D:13     | Noticed Lodul
  8049 | D:12     | Reached **** piety under Qazlal
  8097 | D:12     | Noticed a two-headed ogre
  8105 | D:12     | a two-headed ogre changed into a shining eye
  8105 | D:12     | Noticed a shining eye
  8108 | D:12     | Gained mutation: Your body sometimes deteriorates upon
                  | taking damage. [a shining eye]
  8110 | D:12     | Gained mutation: Your body often deteriorates upon taking
                  | damage. [a shining eye]
  8112 | D:12     | Killed a shining eye
  8130 | D:12     | Noticed a brown ugly thing
  8136 | D:12     | Killed a brown ugly thing
  8553 | D:12     | Lost mutation: Your body often deteriorates upon taking
                  | damage. [potion of mutation]
  8553 | D:12     | Lost mutation: Your body sometimes deteriorates upon taking
                  | damage. [potion of mutation]
  8553 | D:12     | Gained mutation: Your magical capacity is low. (-10% MP)
                  | [potion of mutation]
  8586 | D:11     | Reached XP level 12. HP: 126/126 MP: 9/9
  8616 | D:11     | Reached skill level 10 in Dodging
  8763 | D:11     | Reached skill level 10 in Fighting
  8772 | D:11     | Noticed a two-headed ogre
  8774 | D:11     | a two-headed ogre changed into a deep troll
  8965 | D:11     | Reached skill level 12 in Unarmed Combat
  9300 | D:10     | Noticed a death knight
  9314 | D:10     | Killed a death knight
  9323 | D:10     | Noticed an ogre mage
  9633 | D:10     | Killed an ogre mage
  9746 | D:10     | Reached skill level 1 in Invocations
  9805 | D:10     | Identified the +1 cloak "Ekleupie" {Harm Str+4}
  9940 | D:10     | Found a staircase to the Orcish Mines.
  9943 | D:10     | Reached ***** piety under Qazlal
 10194 | Orc:1    | Entered Level 1 of the Orcish Mines
 10236 | Orc:2    | Entered Level 2 of the Orcish Mines
 10446 | Orc:2    | Found a staircase to the Elven Halls.
 10580 | Orc:2    | Found Jojap's Jewellery Emporium.
 10758 | Orc:2    | Noticed an orc high priest
 10759 | Orc:2    | Noticed an orc high priest
 11086 | Orc:1    | Reached skill level 13 in Unarmed Combat
 11086 | Orc:1    | Reached XP level 13. HP: 128/137 MP: 13/13
 11403 | Orc:2    | Found Uffuwaj's Antique Weapon Shoppe.
 11403 | Orc:2    | Found Lunag's Book Shoppe.
 11404 | Orc:2    | Found Owanavik's Jewellery Emporium.
 11408 | Orc:2    | Found Heyhidesm's Distillery.
 11604 | Orc:2    | Bought a potion of curing for 36 gold pieces
 11604 | Orc:2    | Bought 2 potions of cancellation for 192 gold pieces
 11604 | Orc:2    | Bought a potion of haste for 120 gold pieces
 11901 | Orc:2    | Reached ****** piety under Qazlal
 12206 | Orc:2    | Bought a +6 ring of strength for 360 gold pieces
 12206 | Orc:2    | Bought a +6 ring of strength for 360 gold pieces
 12398 | D:13     | Reached skill level 1 in Armour
 12566 | Lair:1   | Entered Level 1 of the Lair of Beasts
 12692 | Lair:1   | Reached skill level 5 in Invocations
 12856 | Lair:1   | Noticed Maggie
 12861 | Lair:1   | Killed Maggie
 13531 | Lair:5   | Entered Level 5 of the Lair of Beasts
 13683 | Lair:4   | Reached skill level 14 in Unarmed Combat
 13723 | Lair:4   | Reached XP level 14. HP: 141/148 MP: 15/15
 13904 | Lair:5   | Identified a scroll of acquirement
 13904 | Lair:5   | Acquired a manual of Dodging
 14225 | Lair:5   | Got an earthy gem with 2169 turns to spare
 14770 | Lair:2   | Found a staircase to the Shoals.
 14788 | Lair:2   | Found a hole to the Spider Nest.
 14790 | Lair:2   | Identified the +1 robe of the Constellations {-Cast +Blink
                  | +Inv Dex+4}
 16029 | Lair:3   | Reached skill level 15 in Unarmed Combat
 16425 | Lair:4   | Lost the earthy gem through the power of Zot.
 16685 | Lair:4   | Reached XP level 15. HP: 158/158 MP: 18/18
 16922 | Lair:4   | Found a viscous altar of Jiyva.
 16927 | Lair:4   | Found a staircase to the Slime Pits.
 17469 | D:13     | Killed Lodul
 17970 | D:14     | Found a gate to the Vaults.
 18349 | D:14     | Found a portal to a secret trove of treasure.
 19270 | D:15     | Found a sparkling altar of Nemelex Xobeh.
 19654 | Spider:1 | Entered Level 1 of the Spider Nest
 20005 | Elf:1    | Entered Level 1 of the Elven Halls
 20107 | Elf:1    | Noticed Frances
 20120 | Elf:1    | Killed Frances
 20123 | Elf:1    | Reached skill level 16 in Unarmed Combat
 20174 | Elf:1    | HP: 5/161 [+1 glaive of venom (25)]
 20177 | Elf:1    | Succumbed to a +1 glaive of venom's poison

Illustrated notes

Levels and vault maps discovered:
D:1:      dpeg_arrival_erosion, layout_rooms, serial_shops, shop
D:2:      layout_loops_corners, serial_bayou, serial_bayou_lagoon_a,
          serial_bayou_pond_e, serial_bayou_lake_a, serial_bayou_lagoon_b,
          minmay_stone_trees_small, uniq_robin
D:3:      layout_basic
D:4:      layout_layer_cave, grunt_temple_overflow_cloverleaf,
          mainiacjoe_overflow_boulevard, grunt_decor_junction, uniq_edmund,
          uniq_pikel
D:5:      layout_basic, lemuel_round_altar, minmay_temple_entry_stoned_glass,
          serial_rivers, chequers_serial_rivers_micro_c,
          chequers_serial_rivers_micro_d, chequers_serial_rivers_large_a,
          chequers_serial_rivers_micro_c, amcnicky_mini_pool_small
D:6:      layout_basic, bloody_makhleb, enter_ossuary_3
D:7:      layout_cave_pools, kennysheep_generic_room_13
D:8:      layout_basic, david_lair_generic, serial_shops, shop, uniq_maurice
D:9:      layout_basic
D:10:     layout_gridville, minmay_orc_entry_temple_small, minivault_20,
          ebering_dispersal_statue_hall
D:11:     layout_basic, nzn_ghost_randoct
D:12:     layout_basic
D:13:     layout_roguey, hangedman_abyss_or_decor_slice,
          minmay_beelzebubs_servants, uniq_lodul, uniq_josephine
D:14:     layout_rooms, erik_vaults_2, nicolae_trove_entry_columns,
          hangedman_decor_slide_cut, minmay_misc_feat_x, columned_hall_lemuel
D:15:     grunt_enter_depths_hoard, layout_layer_cave, serial_bayou_pond_d,
          gauntlet_entry_generic, nemelex_xobeh_ov_fountains_minmay
Temple:   nicolae_temple_superstar
Lair:1:   layout_small_grid, uniq_maggie
Lair:2:   layout_roguey, minmay_shoals_entry_beasts, spider_nest_entry_a,
          serial_bayou_pond_e, minmay_hedge_maze, hibernation_bobbens
Lair:3:   layout_loops_ring, grunt_megastairs_4
Lair:4:   layout_roguey, dpeg_slime_entry_corner, lemuel_fruit_tree
Lair:5:   evilmike_catoblepas_cave, layout_small_grid, grunt_megastairs_5,
          infiniplex_staircase_pool_2, lemuel_fruit_fields
Spider:1: layout_spider_delve, guppyfry_spider_mini_3
Orc:1:    layout_diamond_mine
Orc:2:    st_orc_mages, layout_caves, basic_altar, serial_shops, shop
Elf:1:    layout_onion_city, serial_shops, shop, ebering_ghost_reflecting_pool,
          kennysheep_underground_church, uniq_frances

Skill      XL: |  1  2  3  4  5  6  7  8  9 10 11 12 13 14 15 |
---------------+----------------------------------------------+-----
Fighting       | 2 3 4 5 7 8 9 11 12 13 | 13.6
Dodging        | 3 4 5 6 7 8 9 11 12 14 | 14.3
Unarmed Combat | 4 5 6 7 8 10 11 13 14 15 16 | 16.0
Invocations    | 3 6 8 9 |  9.8
Armour         | 3 4 |  4.2
Throwing       | |  1.7

Action                     |  1- 3 |  4- 6 |  7- 9 | 10-12 | 13-15 || total
---------------------------+-------+-------+-------+-------+-------++-------
  Melee: Unarmed           |    88 |   182 |   242 |   543 |   827 ||  1882
         Punch             |     3 |     6 |    12 |    56 |    80 ||   157
 Invoke: Elemental Force   |       |       |       |       |    11 ||    11
         Disaster Area     |       |       |       |       |     2 ||     2
         Upheaval          |       |       |       |       |     2 ||     2
  Evoke: Wand              |       |       |     2 |     5 |       ||     7
    Use: Potion            |       |     2 |       |     5 |    13 ||    20
         Scroll            |       |       |     8 |     4 |    15 ||    27
   Stab: Sleeping          |     1 |     1 |       |       |       ||     2
 Armour: Robe              |    50 |   100 |   168 |    85 |       ||   403
         Troll leather arm |       |       |       |   350 |   640 ||   990
  Dodge: Dodged            |    37 |    84 |   169 |   422 |   506 ||  1218
         Repelled          |       |       |       |     5 |     8 ||    13
  Block: Other             |       |    16 |     5 |   123 |   352 ||   496
         Reflection        |       |     2 |       |     1 |     4 ||     7
